 Dungeon Crawl Stone Soup version 0.31.0-11-ge490571c62 (webtiles) character file.

Game seed: 15357638868431654733

16 Ashen the Sneak (level 2, 0/20 HPs)
             Began as a Gnoll Enchanter on Feb 5, 2024.
             Slain by a jackal (1 damage)
             ... on level 1 of the Dungeon.
             The game lasted 00:00:49 (419 turns).

Ashen the Sneak (Gnoll Enchanter)                    Turns: 419, Time: 00:00:50

Health: 0/20       AC:  2    Str:  7    XL:     2   Next: 54%
Magic:  7/7        EV: 13    Int: 14    God:
Gold:   30         SH:  0    Dex: 12    Spells: 10/10 levels left

rFire   . . .        a - +1 dagger
rCold   . . .        (no shield)
rNeg    . . .        b - +0 robe
rPois   .            (no helmet)
rElec   .            (no cloak)
rCorr   .            (no gloves)
SInv    .            (no boots)
Will    .....        (no amulet)
Stlth   +++          (no ring)
HPRegen 0.23/turn    (no ring)
MPRegen 0.10/turn

%: no passive effects
@: no status effects
A: fangs 1, strong nose, distributed training
a: no special abilities


You were on level 1 of the Dungeon.
You visited 1 branch of the dungeon, and saw 1 of its levels.

You collected 30 gold pieces.

Inventory:

Hand Weapons
 a - a +1 dagger (weapon)
Armour
 b - a +0 robe (worn)
Scrolls
 e - 2 scrolls of identify {unknown}
Potions
 c - 2 potions of invisibility
 d - a potion of degeneration {unknown}
 f - a potion of heal wounds {unknown}


   Skills:
 + Level 0.5 Fighting
 + Level 2.5 Short Blades
 + Level 0.5 Long Blades
 + Level 0.5 Axes
 + Level 0.5 Maces & Flails
 + Level 0.5 Polearms
 + Level 0.5 Staves
 + Level 0.5 Ranged Weapons
 + Level 0.5 Throwing
 + Level 0.5 Armour
 + Level 4.5 Dodging
 + Level 5.9 Stealth
 + Level 0.5 Shields
 + Level 0.5 Unarmed Combat
 + Level 4.9 Spellcasting
 + Level 0.3 Conjurations
 + Level 5.3 Hexes
 + Level 0.3 Summonings
 + Level 0.3 Necromancy
 + Level 0.3 Translocations
 + Level 0.3 Fire Magic
 + Level 0.3 Ice Magic
 + Level 0.3 Air Magic
 + Level 0.3 Earth Magic
 + Level 0.3 Alchemy
 + Level 0.6 Invocations
 + Level 0.5 Evocations
 + Level 0.4 Shapeshifting


You had 10 spell levels left.
You didn't know any spells.
Your spell library contained the following spells:

 Spells                   Type           Power      Damage    Failure   Level
 Confusing Touch          Hex            18%        N/A       6%          3
 Tukima's Dance           Hex            18%        N/A       6%          3
 Ensorcelled Hibernation  Hex/Ice        22%        N/A       9%          2
 Dazzling Flash           Conj/Hex       22%        N/A       16%         3


Dungeon Overview and Level Annotations

Branches:
Dungeon (1/15)

Altars:


Innate Abilities, Weirdness & Mutations

You have very sharp teeth.
Your uncanny sense of smell can sniff out nearby items.
Your experience applies equally to all skills.


Message History

The hobgoblin closely misses you.
A rat comes into view.
The jackal bites you.
You hit the hobgoblin.
You kill the hobgoblin!
The bat closely misses you.
The jackal bites you but does no damage.
The quokka closely misses you. The jackal misses you. x2
You hit the jackal.
The jackal is severely wounded.
The jackal bites you but does no damage.
The jackal bites you. The bat barely misses you. The quokka bites you.
The jackal bites you. The jackal barely misses you. The jackal bites you.
The rat closely misses you. The jackal closely misses you.
The bat hits you but does no damage.
You are too injured to fight recklessly!
You are too injured to fight recklessly!
You are too injured to fight recklessly!
The bat hits you but does no damage.
You closely miss the quokka. The bat hits you but does no damage.
The jackal closely misses you. The quokka closely misses you.
The jackal barely misses you. The jackal misses you.
You barely miss the quokka. The bat hits you. The quokka barely misses you.
The jackal bites you. The jackal closely misses you.
You closely miss the quokka. Your bite misses the quokka. The quokka bites you.
* * * LOW HITPOINT WARNING * * *
The jackal closely misses you. x2
The jackal bites you but does no damage.
You completely miss the quokka. The jackal barely misses you.
The quokka barely misses you. The jackal bites you.
* * * LOW HITPOINT WARNING * * *
The jackal bites you.
* * * LOW HITPOINT WARNING * * *
You closely miss the quokka. The jackal barely misses you.
The quokka bites you.
* * * LOW HITPOINT WARNING * * *
The jackal misses you. The jackal bites you.
* * * LOW HITPOINT WARNING * * *
You barely miss the quokka. The jackal bites you.
You die...

..##........)...##.
...................
..##............##. .
#...............
#............###
#............#
#............#
..########............#
.....rhh@###.##########
......ghhr...#
##########
.......rb#####
≈≈≈≈≈≈≈≈≈≈ .........#
≈≈≈≈≈..... ..........
≈≈....~~~. ..####...##
≈...~~~.~~ # ...##
...~~~.<.. ##...
≈...~~~.~~ ##.#
≈≈....~~~.


You could see a quokka, 4 jackals, a hobgoblin, a bat and 2 rats.

Vanquished Creatures
  A dart slug (D:1)
  2 endoplasms (D:1)
  3 goblins (D:1)
  2 hobgoblins (D:1)
  A kobold (D:1)
  A ball python (D:1)
  2 bats (D:1)
12 creatures vanquished.

Notes
Turn   | Place    | Note
-------+----------+-------------------------------------------
     0 | D:1      | Ashen the Gnoll Enchanter began the quest for the Orb.
     0 | D:1      | Reached XP level 1. HP: 13/13 MP: 6/6
   134 | D:1      | Reached XP level 2. HP: 19/19 MP: 7/7
   418 | D:1      | HP: 1/20 [jackal (2)]
   419 | D:1      | Slain by a jackal

Illustrated notes

Levels and vault maps discovered:
D:1:      dpeg_arrival_shrine, layout_basic, item_on_display_a

Action                     || total
---------------------------++-------
  Melee: Dagger            ||    44
         Bite              ||     2
   Stab: Sleeping          ||     3
 Armour: Robe              ||    35
  Dodge: Dodged            ||    43
